Unix NetHack Version 3.7.0-101 Work-in-progress - last build Mar 4 2024 02:26:32 (3c4ac04b664b9ee0831c739617f054b5b60dbfd1,branch:master). Game began 2024-03-23 18:27:56, ended 2024-03-24 19:12:09. spontiff, neutral male gnomish Healer # -.--- ----- @--------- -------- ###....| ###-....# %|.%<.{..| |.....(| ----------- ## |...| ##### |...|# f|.......| |......| |.........| # |...-# ##....|# #-.......| |......| |..........#######---.-####### # |...|# #|.......| |......| |.........|#### #[#########0####-...|# x|.......| |....$.| |..........# ## ##-----# #|.......| |......| |.........| ## ###############----.---- -----|-- --------.-- # # # # # ## # # # # ### # ### # ######## # #### # ## ## # -----|-- ----|-## # # ### ## |......| |....|# ## # #### ###### |......| |....|# #------# ########## |...>..| |....|# #|..(_|# -.-----.-------- |......| |....|# #.....|# |..............| -------- |.....# |....|# |..............| ------ |.....#######...............| ------ ---------------- Spontiff the Rhizotomist St:8 Dx:9 Co:16 In:10 Wi:17 Ch:16 Neutral S:410 Dlvl:2 $:0 HP:0(51) Pw:5(5) AC:2 Xp:1/0 T:17909 Starved Deaf Latest messages: You regain consciousness. You can hear again. You faint from lack of food. You regain consciousness. You faint from lack of food. You regain consciousness. You faint from lack of food. The large cat picks up a lichen corpse. The large cat drops a lichen corpse. The large cat drops a lichen corpse. The large cat picks up a lichen corpse. You regain consciousness. You can hear again. You faint from lack of food. You regain consciousness. You can hear again. You faint from lack of food. The large cat drops a lichen corpse. The large cat picks up a lichen corpse. You regain consciousness. You can hear again. You faint from lack of food. The large cat picks up a lichen corpse. The large cat drops a lichen corpse. You regain consciousness. You faint from lack of food. The large cat drops a lichen corpse. The large cat picks up a lichen corpse. The large cat picks up a lichen corpse. You regain consciousness. You can hear again. You faint from lack of food. You regain consciousness. You can hear again. You faint from lack of food. The large cat picks up a lichen corpse. The large cat drops a lichen corpse. You regain consciousness. You faint from lack of food. The large cat picks up a lichen corpse. You regain consciousness. You feel fragile! You haven't been watching your health. You faint from lack of food. The large cat drops a lichen corpse. You regain consciousness. You faint from lack of food. The large cat drops a lichen corpse. You die from starvation. Do you want to see the dungeon overview? [ynq] (y) y Inventory: Not carrying anything. Spontiff the Healer's attributes: Background: You were a Rhizotomist, a level 1 male gnomish Healer. You were neutral, on a mission for Hermes who was opposed by Athena (lawful) and Poseidon (chaotic). You were right-handed. You were in the Dungeons of Doom, on level 2. You entered the dungeon 17909 turns ago. There was a full moon in effect when your adventure ended. You had 0 experience points, 20 were needed to attain level 2. Your score was 410 before end-of-game adjustments. Basics: You had 0 out of 51 hit points. You had all 5 energy points (spell power). Your armor class was 2. Your wallet was empty. Autopickup was on for '$!/="?' plus thrown, with exceptions. Final Characteristics: Your strength was 8 (base:9, limit:18/50). Your dexterity was 9 (limit:18). Your constitution was 16 (peak:17, limit:18). Your intelligence was 10 (limit:19). Your wisdom was 17 (limit:18). Your charisma was 16 (limit:18). Final Status: You were deaf. You were starved. You were unencumbered. You were bare handed. You were unskilled in bare handed combat. You weren't wearing any armor. Final Attributes: You were piously aligned. You were poison resistant. You saw invisible. You were telepathic. You had infravision. You had a moderate defense bonus (+8). You were warded. You were lucky. You are dead. Miscellaneous: You encountered 1 bones level. Total elapsed playing time was 4 hours, 18 minutes and 33 seconds. Major events: Turn 1: spontiff the neutral male gnomish Healer entered the dungeon 3344: entered the Gnomish Mines 4388: reached Mine Town 17909: died of starvation, while fainted Vanquished creatures: 2 ghosts an elven monarch 2 small mimics 2 large cats a watchman a leprechaun a gnome ruler 6 water moccasins a rope golem 13 bugbears an Uruk-hai 2 rock piercers 4 rock moles 2 ponies 3 fog clouds 3 shriekers 4 gnome leaders a gnomish wizard a gray ooze a straw golem a paper golem 2 giant ants 5 floating eyes a kitten 10 dwarves 6 homunculi 5 kobold leaders 2 kobold shamans 4 hill orcs 4 rothes a centipede 5 giant bats 5 orc zombies 2 dwarf zombies 2 wererats 2 werejackals 8 iguanas 3 killer bees 3 acid blobs 9 coyotes a gas spore 5 hobbits 6 manes 3 large kobolds 20 hobgoblins 7 giant rats 8 cave spiders 2 brown molds 2 yellow molds 2 green molds 2 red molds 23 gnomes a garter snake 3 gnome zombies 13 geckos 23 jackals 4 foxes 11 kobolds 11 goblins 6 sewer rats 21 grid bugs 2 bats 31 lichens 5 kobold zombies 35 newts 379 creatures vanquished. No species were genocided or became extinct. Voluntary challenges: You never hit with a wielded weapon. You were a pacifist. You read items or engraved 1 time. You never engraved Elbereth. You never genocided any monsters. You never polymorphed an object. You used no wishes. Achievements: You entered a shop. You entered the Gnomish Mines. You entered Minetown. You entered a temple. The Dungeons of Doom: levels 1 to 7 Level 1: "vault" Level 2: "Stash" <- You were here. A general store, an altar to Hermes, a sink. Final resting place for you, died of starvation, while fainted. Level 3: A general store. Level 4: Stairs down to The Gnomish Mines. Level 5: Level 6: A throne, a fountain. Level 7: The Gnomish Mines: levels 5 to 9 Level 5: "magic trap" Level 6: "magic trap; book stashlet" Level 7: Some shops, a temple and an altar, many fountains, a grave. Final resting place for lurchy-Wiz-Elf-Mal-Cha, killed by a watch captain. Level 8: Level 9: "Polytrap" Game over: ---------- / \ / REST \ / IN \ / PEACE \ / \ | spontiff | | 0 Au | | died of | | starvation | | | | | | 2024 | *| * * * | * _________)/\\_//(\/(/\)/\//\/|_)_______ Goodbye spontiff the Healer... You starved in The Dungeons of Doom on dungeon level 2 with 410 points, and 0 pieces of gold, after 17909 moves. You were level 1 with a maximum of 51 hit points when you starved.